 Dungeon Crawl Stone Soup version 0.16-a0-2038-g968ce0a (webtiles) character file.

90520 PolkaDot the Maledictor (level 15, -2/90 HPs)
             Began as a Vampire Enchanter on Nov 8, 2014.
             Was a High Priest of Dithmenos.
             Slain by a spriggan rider
             ... wielding a +0 spear
              (16 damage)
             ... on level 1 of the Swamp on Nov 10, 2014.
             The game lasted 02:43:55 (30098 turns).

PolkaDot the Maledictor (Vampire Enchanter)        Turns: 30098, Time: 02:43:55

Health: -2/90      AC: 11    Str:  7    XL:     15   Next: 52%
Magic:  8/33       EV: 10    Int: 29    God:    Dithmenos [*****.]
Gold:   1624       SH:  0    Dex: 15    Spells: 9 memorised, 0 levels left

rFire  + + .     SeeInvis +     a - +0 dagger (speed)
rCold  + + +     Clarity  .     J - +3 leather armour of the Failed Coup {+Blink rF+}
rNeg   + + +     SustAb   .     (no shield)
rPois  +         Gourm    .     o - +2 hat {MR+}
rElec  .         Spirit   .     G - +0 cloak
rCorr  .         Warding  +     O - +0 pair of gloves
rMut   .         Stasis   .     x - +0 pair of boots
MR     ++...                    U - amulet of warding
Stlth  ++++++++++               M - ring "Untehy" {+Inv rF+ Int+3}
                                H - +5 ring of intelligence

@: regenerating slowly, wreathed by umbra, very resistant to hostile
enchantments, uncannily stealthy
A: bottle blood, fangs 3, see invisible, cold resistance 1, unbreathing
a: Bat Form, Bottle Blood, Shadow Step, Shadow Form, Renounce Religion, Evoke
Blink, Evoke Invisibility


You were on level 1 of the Swamp.
You worshipped Dithmenos.
Dithmenos was extremely pleased with you.
You were near bloodless.

You visited 4 branches of the dungeon, and saw 25 of its levels.
You also visited: Ice Cave.

You collected 1624 gold pieces.

Inventory:

Hand weapons
 a - a +0 dagger of speed (weapon)
 b - a +4 lajatang
Missiles
 P - 4 throwing nets (quivered)
Armour
 o - a +2 hat of magic resistance (worn)
 x - a +0 pair of boots (worn)
 G - a +0 cloak (worn)
 J - the +3 leather armour of the Failed Coup (worn) {+Blink rF+}
   (You found it on level 4 of the Lair of Beasts)

   It protects you from fire.
   It lets you blink.
 O - a +0 pair of gloves (worn)
Jewellery
 y - an uncursed amulet of stasis
 H - a +5 ring of intelligence (left hand)
 L - an uncursed ring of sustain abilities
 M - the ring "Untehy" (right hand) {+Inv rF+ Int+3}
   (You found it in an ice cave)

   [ring of invisibility]

   It affects your intelligence (+3).
   It protects you from fire.
   It lets you turn invisible.
 U - an amulet of warding (around neck)
Magical devices
 c - a wand of polymorph (13)
 p - a wand of polymorph (14)
 t - a wand of frost (11)
 u - a wand of digging (15)
 F - a wand of polymorph (7)
 K - a wand of magic darts (15)
 S - a wand of polymorph (14)
 V - a wand of disintegration (11)
Scrolls
 e - 5 scrolls of recharging
 f - 3 scrolls of teleportation
 h - 3 scrolls of enchant armour
 k - 3 scrolls of fear
 n - 3 scrolls of magic mapping
 q - 4 scrolls of fog
 v - a scroll of torment
 w - a scroll of blinking
 C - 8 scrolls of remove curse
 E - 3 scrolls of silence
 N - a scroll of amnesia
 R - a scroll of summoning
 W - a scroll of identify
Potions
 d - 2 potions of flight
 g - 4 potions of agility
 i - 6 potions of restore abilities
 j - 2 potions of mutation {!q}
 l - 3 potions of heal wounds
 m - a potion of cure mutation {!q}
 z - 5 potions of brilliance
 A - 3 potions of haste
 B - 4 potions of magic
 D - 2 potions of cancellation
Books
 r - a Grand Grimoire {highlevel}

   This book is beyond your current level of understanding.

   Spells                             Type                      Level
   Aura of Abjuration                 Summoning                    6
   Forceful Dismissal                 Summoning                    6
   Summon Greater Demon               Summoning                    7
   Malign Gateway                     Summoning/Translocation      7
   Summon Horrible Things             Summoning                    8
 s - a book of Battle

   Spells                             Type                      Level
   Infusion                           Charms                       1
   Shroud of Golubria                 Charms/Translocation         2
   Song of Slaying                    Charms                       2
   Spectral Weapon                    Hexes/Charms                 3
   Regeneration                       Charms/Necromancy            3
 I - a book of Enchantments

   Spells                             Type                      Level
   Tukima's Dance                     Hexes                        3
   Cause Fear                         Hexes                        4
   Silence                            Hexes/Air                    5
   *Deflect Missiles                  Charms/Air                   6
   *Haste                             Charms                       6
   *Discord                           Hexes                        8
 Q - a book of the Warp

   Spells                             Type                      Level
   Control Teleport                   Charms/Translocation         4
   Phase Shift                        Translocation                5
   Warp Weapon                        Charms/Translocation         5
   Dispersal                          Translocation                6
   Controlled Blink                   Translocation                7
   Disjunction                        Translocation                8


   Skills:
 - Level 13.0 Short Blades
 - Level 2.1 Dodging
 - Level 19.2 Stealth
 - Level 10.3 Spellcasting
 - Level 21.1 Hexes
 + Level 3.8 Charms
 - Level 4.9 Transmutations
 - Level 2.0 Earth Magic
 * Level 7.0 Invocations
 + Level 1.5 Evocations


You couldn't memorise any spells.
You knew the following spells:

 Your Spells              Type           Power        Failure   Level  Hunger
a - Corona                Hex            #######      0%          1    None
c - Confuse               Hex            #######.     0%          3    None
d - Ensorcelled Hibernat  Hex/Ice        ######       1%          2    None
e - Enslavement           Hex            #######.     0%          4    None
p - Passwall              Trmt/Erth      #####.....   2%          3    None
A - Apportation           Tloc           ###.......   3%          1    None
D - Deflect Missiles      Chrm/Air       ####......   99%         6    #####..
H - Haste                 Chrm           #####...     96%         6    #####..
Z - Discord               Hex            #######...   4%          8    #######


Dungeon Overview and Level Annotations

Branches:
Dungeon (15/15)            Temple (1/1) D:7            Lair (8/8) D:8
  Swamp (1/5) Lair:6        Snake (0/5) Lair:5        Slime (0/6) Lair:7
    Orc (0/4) D:10         Vaults (0/5) D:13         Depths (0/5) D:15

Altars:
Ashenzari
Cheibriados
Dithmenos
Elyvilon
Fedhas
Gozag
Kikubaaqudgha
Makhleb
Nemelex Xobeh
Okawaru
Qazlal
Ru
Sif Muna
Trog
Vehumet
Xom
Yredelemnul
Zin
The Shining One
Jiyva

Shops:
D:5 !   D:14 !


Innate Abilities, Weirdness & Mutations

You heal slowly.
You can bottle blood from corpses.
You have razor-sharp teeth.
You have supernaturally acute eyesight.
You can survive without breathing.
Your flesh is cold resistant.


Message History

The spriggan rider barely misses you. The raven pecks you.
* * * LOW HITPOINT WARNING * * *
The raven misses you.
The spriggan rider hits you from afar with a spear!
* * * LOW HITPOINT WARNING * * *
Use which ability? (? or * to list)
You fail to use your ability.
Your vampire mosquito bites the spriggan rider.
The raven pecks you!
* * * LOW HITPOINT WARNING * * *
The raven closely misses you. The raven pecks you but does no damage.
The raven barely misses you. The vampire mosquito barely misses you.
Your vampire mosquito completely misses the spriggan rider.
The raven pecks you.
* * * LOW HITPOINT WARNING * * *
The raven claws you but does no damage. The raven closely misses you.
The raven claws you.
* * * LOW HITPOINT WARNING * * *
The spriggan rider hits you from afar with a spear!
You die...

>,,,*,*,≈≈≈≈≈≈≈♣§≈≈≈≈≈≈≈♣♣..♣.♣*♣
*,,***,,,§≈.≈≈...♣≈≈≈≈.**♣♣.♣.♣♣.
*,,* *,,≈,≈≈.≈≈≈.≈≈≈.≈,* ♣...♣..
,,,* *,≈≈≈≈≈.......≈.≈.* ♣♣..♣.#
,,,***,,,,♣≈†≈≈≈≈≈≈≈≈≈.♣ ♣....#
****≈**♣**,..≈§♣≈≈≈♣♣≈.♣ ♣♣.≈.#
≈,,,,,,.≈♣♣♣*iii≈≈≈≈≈..♣♣ ♣.≈..
,,*,,,*....≈♣♣♣yb.≈≈≈≈♣≈♣♣ ♣..≈.
***,♣.♣**♣..l..b@....♣≈≈≈♣* ♣♣.≈.
≈,,.....≈♣♣♣♣..y♣...♣≈≈≈≈≈♣ ♣..≈
,,****♣.......♣♣≈≈[.≈≈≈≈≈≈♣**♣♣.≈
***≈≈≈♣♣♣♣†.♣♣♣♣≈..≈≈≈≈≈≈≈.,* ♣≈≈
,,,,,,,....♣♣ ♣♣..≈.♣≈≈≈♣≈♣*♣♣≈.
,,,,≈...♣♣♣* ♣.....♣♣≈≈§≈♣ ♣≈..
,≈≈≈≈≈≈** ♣♣.≈≈..≈..≈♣* ♣≈≈.
,≈≈≈*≈,* ♣....≈≈≈.P♣ ♣≈≈.
,≈≈≈≈≈,* ♣.♣≈.≈≈..♣♣ ♣♣.≈.


You could see 3 spriggan riders, a komodo dragon, 2 ravens, a vampire mosquito
and a friendly vampire mosquito.

Vanquished Creatures
  An acid blob (Lair:7)
  A dire elephant (Lair:8)
  7 vault guards (D:13)
  Fannar (D:15)
  Harold (Lair:5)
  7 hydras
  Erica (Lair:3)
  A centaur warrior (D:14)
  The ghost of braks the Carver, an experienced DrFi of Elyvilon (D:9)
  7 death yaks
  A deep troll shaman (Lair:8)
  2 alligators (Swamp:1)
  A catoblepas (Lair:8)
  4 skeletal warriors (D:12)
  7 unseen horrors
  4 hill giants
  Erolcha (D:8)
  2 cyclopes
  13 ugly things
  A phantasmal warrior (D:15)
  The ghost of hackum the Skirmisher, an experienced FoFi (D:5)
  A frost giant zombie (D:15)
  8 elephants
  3 oklob plants (Lair:4)
  11 black mambas
  3 gargoyles
  14 spiny frogs
  12 komodo dragons
  2 freezing wraiths (Swamp:1)
  A tengu conjurer (D:15)
  3 two-headed ogres
  6 polar bears
  5 trolls
  5 fire drakes
  4 baby alligators (Swamp:1)
  Grinder (D:3)
  4 bog bodies (Swamp:1)
  A blue devil (IceCv)
  A slime creature (Lair:7)
  4 blink frogs (Lair:4)
  6 ravens
  3 basilisks (Lair:2)
  2 shadows
  13 wyverns
  53 yaks
  Eustachio (D:10)
  9 vampire mosquitoes
  A hippogriff (shapeshifter) (D:14)
  14 hippogriffs
  18 wolves
  2 hungry ghosts
  5 swamp worms (Swamp:1)
  The ghost of asdu the Twirler, an average GrGl (D:4)
  A mottled dragon (D:14)
  22 water moccasins
  6 orc warriors
  4 porcupines
  5 yellow wasps
  5 ice beasts
  5 sky beasts
  A black bear (D:10)
  A phantom (D:13)
  3 ogres
  3 swamp drakes (Swamp:1)
  A necrophage (D:11)
  A boring beetle (Lair:8)
  15 crocodiles
  7 centaurs
  4 big kobolds
  A komodo dragon skeleton (D:9)
  A cyclops zombie (D:11)
  2 gnoll sergeants
  3 scorpions
  23 giant frogs
  19 killer bees
  A wyvern skeleton (D:9)
  A manticore simulacrum (D:15)
  A troll skeleton (D:10)
  7 wights
  A hippogriff skeleton (D:8)
  An electric eel (D:10)
  8 crimson imps
  13 hounds
  12 orc priests
  A goliath beetle (D:10)
  6 jellies
  A quasit (D:13)
  7 iguanas
  11 orc wizards
  Natasha (thrice) (D:4)
  13 worker ants
  29 sheep
  An ogre zombie (D:7)
  Ijyb (D:6)
  A big kobold skeleton (D:9)
  A scorpion zombie (D:7)
  40 adders
  18 gnolls
  77 green rats
  3 orc skeletons
  4 giant mites (Lair:6)
  A white imp (IceCv)
  5 worms
  4 shadow imps
  An adder skeleton (D:4)
  An adder zombie (D:12)
  5 giant geckos
  2 oozes
  48 orcs
  2 ball pythons
  11 bats
  2 bat skeletons (D:6)
  4 giant cockroaches
  17 goblins
  20 hobgoblins
  8 jackals
  18 kobolds
  12 quokkas
  2 giant newts
  A giant spore (D:15)
  A jackal zombie (D:9)
  19 rats
  A rat skeleton (D:4)
  2 ballistomycetes (D:15)
864 creatures vanquished.

Vanquished Creatures (collateral kills)
  A centaur warrior (D:14)
  3 ugly things
  A blue devil (IceCv)
  A deep troll zombie (D:15)
  A fire dragon zombie (D:15)
  4 yaks
  5 centaurs (D:14)
  A giant frog (D:14)
  4 killer bees (D:14)
  An orc priest (D:10)
  2 orc wizards (D:10)
  A white imp (IceCv)
  An ufetubus (IceCv)
  8 orcs (D:10)
34 creatures vanquished.

Vanquished Creatures (others)
  2 white imps (IceCv)
  An ufetubus (IceCv)
  4 fungi
  2 plants (Lair:6)
9 creatures vanquished.

Grand Total: 907 creatures vanquished

Notes
Turn   | Place    | Note
--------------------------------------------------------------
     0 | D:1      | PolkaDot, the Vampire Enchanter, began the quest for the Orb.
     0 | D:1      | Reached XP level 1. HP: 13/13 MP: 3/3
   131 | D:1      | Reached XP level 2. HP: 11/19 MP: 2/4
   443 | D:1      | Reached skill level 5 in Hexes
   463 | D:1      | Learned a level 2 spell: Ensorcelled Hibernation
   744 | D:1      | Reached skill level 5 in Stealth
   842 | D:1      | Reached XP level 3. HP: 13/24 MP: 3/6
  1328 | D:2      | Learned a level 3 spell: Confuse
  1422 | D:2      | Found a deep blue altar of Sif Muna.
  1425 | D:2      | Found a stormy altar of Qazlal.
  1635 | D:2      | Reached XP level 4. HP: 30/30 MP: 4/7
  1710 | D:2      | Noticed a moth of wrath
  1712 | D:2      | Found a bloodstained altar of Trog.
  1788 | D:2      | Reached skill level 6 in Hexes
  1935 | D:2      | Found a radiant altar of Vehumet.
  2753 | D:3      | Noticed Grinder
  2821 | D:3      | Killed Grinder
  2821 | D:3      | Reached skill level 7 in Hexes
  2821 | D:3      | Reached XP level 5. HP: 26/35 MP: 6/9
  2821 | D:3      | Reached XP level 6. HP: 30/41 MP: 6/10
  2874 | D:3      | Found a shimmering altar of Xom.
  2910 | D:3      | Reached skill level 8 in Hexes
  3498 | D:4      | Noticed asdu's ghost (average GrGl)
  3509 | D:4      | Killed asdu's ghost
  3509 | D:4      | Reached skill level 9 in Hexes
  3509 | D:4      | Reached XP level 7. HP: 42/46 MP: 8/12
  4113 | D:4      | Noticed Natasha
  4118 | D:4      | Killed Natasha
  4149 | D:4      | Reached skill level 10 in Hexes
  4265 | D:4      | Reached skill level 5 in Short Blades
  4265 | D:4      | Reached XP level 8. HP: 26/52 MP: 0/13
  4351 | D:4      | Noticed Natasha
  4361 | D:4      | Killed Natasha
  4658 | D:4      | Noticed Natasha
  4661 | D:4      | Killed Natasha
  5091 | D:4      | Learned a level 4 spell: Enslavement
  5098 | D:5      | Entered Level 5 of the Dungeon
  5104 | D:5      | Upgraded the game from 0.16-a0-1982-g8124c91 to 0.16-a0-2010-g98bc240
  5228 | D:5      | Found a white marble altar of Elyvilon.
  5230 | D:5      | Noticed hackum's ghost (experienced FoFi)
  5252 | D:5      | Killed hackum's ghost
  5252 | D:5      | Reached skill level 11 in Hexes
  5342 | D:5      | Found Mivitasm's Distillery.
  5448 | D:5      | Reached skill level 12 in Hexes
  5479 | D:5      | Reached skill level 10 in Stealth
  5857 | D:5      | Reached XP level 9. HP: 57/57 MP: 10/14
  6162 | D:6      | Noticed Ijyb
  6165 | D:6      | Killed Ijyb
  6808 | D:6      | Reached skill level 13 in Hexes
  7176 | D:7      | Found an iron altar of Okawaru.
  7410 | D:7      | Found a staircase to the Ecumenical Temple.
  7418 | Temple   | Entered the Ecumenical Temple
  7618 | Temple   | Became a worshipper of Dithmenos the Shadowed
  8273 | D:8      | Found a staircase to the Lair.
  8396 | D:8      | Reached skill level 14 in Hexes
  8522 | D:8      | Noticed a five-headed hydra
  8525 | D:8      | Killed a five-headed hydra
  8525 | D:8      | Reached XP level 10. HP: 63/63 MP: 16/16
  8559 | D:8      | Found a burning altar of Makhleb.
  8599 | D:8      | Noticed Erolcha
  8687 | D:8      | Killed Erolcha
  8687 | D:8      | Reached skill level 15 in Hexes
  9019 | Lair:1   | Entered Level 1 of the Lair of Beasts
  9024 | Lair:1   | Learned a level 3 spell: Passwall
  9149 | Lair:1   | Noticed a black mamba
  9154 | Lair:1   | Killed a black mamba
  9177 | Lair:1   | Acquired Dithmenos' first power
  9865 | Lair:2   | Reached skill level 16 in Hexes
 10386 | Lair:2   | Reached XP level 11. HP: 64/68 MP: 5/17
 10550 | Lair:2   | Acquired Dithmenos' second power
 11507 | Lair:3   | Reached skill level 17 in Hexes
 11573 | Lair:3   | Acquired Dithmenos' third power
 11935 | Lair:3   | Noticed Erica
 11940 | Lair:3   | Killed Erica
 11988 | Lair:3   | Reached skill level 10 in Short Blades
 13121 | Lair:4   | Reached skill level 18 in Hexes
 13221 | Lair:4   | Got a shimmering leather armour
 13232 | Lair:4   | Identified the +3 leather armour of the Failed Coup {+Blink rF+} (You found it on level 4 of the Lair of Beasts)
 13383 | Lair:4   | Reached skill level 15 in Stealth
 13910 | Lair:4   | Noticed a six-headed hydra
 13932 | Lair:4   | Killed a six-headed hydra
 13932 | Lair:4   | Reached XP level 12. HP: 56/74 MP: 7/18
 14265 | Lair:4   | Got a brightly glowing spear
 14266 | Lair:4   | Identified the +6 spear "Tyuqyapn" {venom, Str+4 SInv Stlth+} (You found it on level 4 of the Lair of Beasts)
 14665 | Lair:5   | Found a staircase to the Snake Pit.
 14719 | Lair:5   | Reached skill level 19 in Hexes
 15318 | Lair:5   | Noticed Harold
 15323 | Lair:5   | Killed Harold
 15797 | Lair:5   | Learned a level 1 spell: Apportation
 15918 | Lair:6   | Got an ebony scythe
 15919 | Lair:6   | Identified the +7 scythe of Lehebb {drain, rElec} (You found it on level 6 of the Lair of Beasts)
 16336 | Lair:6   | Gained mutation: Your flesh is cold resistant. [potion of beneficial mutation]
 16421 | Lair:6   | Found a staircase to the Swamp.
 16969 | Lair:6   | Reached XP level 13. HP: 79/79 MP: 16/19
 17284 | Lair:7   | Found a viscous altar of Jiyva.
 17285 | Lair:7   | Found a staircase to the Slime Pits.
 17285 | Lair:7   | Noticed an acid blob
 17292 | Lair:7   | Killed an acid blob
 17703 | Lair:7   | Reached skill level 5 in Spellcasting
 17966 | Lair:7   | Reached skill level 20 in Hexes
 17976 | Lair:7   | Learned a level 8 spell: Discord
 18445 | Lair:8   | Entered Level 8 of the Lair of Beasts
 18458 | Lair:8   | Acquired Dithmenos' fourth power
 18955 | Lair:8   | Noticed a dire elephant
 18962 | Lair:8   | Killed a dire elephant
 19206 | Lair:8   | Reached XP level 14. HP: 85/85 MP: 29/29
 19214 | Lair:8   | Learned a level 6 spell: Haste
 19689 | D:9      | Noticed braks' ghost (experienced DrFi)
 19703 | D:9      | Killed braks' ghost
 19788 | D:9      | Found an opulent altar of Gozag.
 20255 | D:10     | Entered Level 10 of the Dungeon
 20612 | D:10     | Noticed Eustachio
 20618 | D:10     | Killed Eustachio
 21151 | D:10     | Found a staircase to the Orcish Mines.
 21675 | D:11     | Upgraded the game from 0.16-a0-2010-g98bc240 to 0.16-a0-2038-g968ce0a
 23357 | D:12     | Reached skill level 21 in Hexes
 24156 | D:12     | Reached skill level 1 in Invocations
 24733 | D:13     | Reached skill level 1 in Transmutations
 24774 | D:13     | Reached skill level 10 in Spellcasting
 24914 | D:13     | Found a gate to the Vaults.
 25390 | D:13     | Reached XP level 15. HP: 90/90 MP: 28/32
 25532 | D:13     | Learned a level 6 spell: Deflect Missiles
 25941 | D:14     | Got a crystal spear
 25942 | D:14     | Identified the +10 spear of Plague {freeze, rC+} (You found it on level 14 of the Dungeon)
 25972 | D:14     | Found Ungaiwke's Distillery.
 26066 | D:14     | Reached skill level 1 in Earth Magic
 26471 | D:14     | Reached skill level 5 in Invocations
 27557 | D:15     | Entered Level 15 of the Dungeon
 27608 | D:15     | Noticed Fannar
 27634 | D:15     | Killed Fannar
 27730 | D:15     | Reached skill level 1 in Charms
 28189 | D:15     | Found a staircase to the Depths.
 28732 | Swamp:1  | Entered Level 1 of the Swamp
 28755 | Swamp:1  | Found a frozen archway.
 28878 | IceCv    | Entered an ice cave
 29042 | IceCv    | Got a twitching glass ring
 29062 | Swamp:1  | Identified the ring "Untehy" {+Inv rF+ Int+3} (You found it in an ice cave)
 29892 | Swamp:1  | Reached skill level 1 in Evocations
 30098 | Swamp:1  | Slain by a spriggan rider

Action                   |  1- 3 |  4- 6 |  7- 9 | 10-12 | 13-15 || total
-------------------------+-------+-------+-------+-------+-------++-------
Melee: Dagger            |   122 |    85 |   363 |   458 |   711 ||  1739
       Spear             |       |       |       |    22 |    19 ||    41
       Lajatang          |       |       |       |       |    25 ||    25
 Cast: Corona            |     9 |       |     1 |       |     3 ||    13
       Ensorcelled Hiber |    16 |    30 |   103 |   189 |   196 ||   534
       Confuse           |     1 |     4 |     7 |     6 |    58 ||    76
       Enslavement       |       |       |       |     4 |    39 ||    43
       Passwall          |       |       |       |     5 |     8 ||    13
       Apportation       |       |       |       |       |    10 ||    10
       Discord           |       |       |       |       |     1 ||     1
Invok: Shadow Step       |       |       |       |     4 |     4 ||     8
       Shadow Form       |       |       |       |       |     3 ||     3
 Abil: End Transformatio |       |       |       |       |     2 ||     2
       Bat Form          |       |       |       |       |     2 ||     2
       Evoke Blink       |       |       |       |       |     1 ||     1
Evoke: Wand              |       |       |       |       |     6 ||     6
  Use: Potion            |     1 |       |     3 |     2 |    19 ||    25
       Scroll            |       |     4 |    12 |    12 |    20 ||    48
 Stab: Sleeping          |    20 |    26 |    93 |   224 |   293 ||   656
       Confused          |     1 |     2 |     8 |     6 |    48 ||    65
       Distracted        |       |       |     1 |     3 |    11 ||    15
       Invisible         |       |       |       |     2 |     9 ||    11
       Betrayed ally     |       |       |       |       |     1 ||     1
  Eat: Corpse            |       |     1 |       |     1 |     1 ||     3
